WCHLSIM.com - West Coast Hockey League
Dernière mise à jour: 2025-12-07 16:11:59
html PUBLIC "-//W3C//DTD XHTML 1.0 Transitional//EN" "http://www.w3.org/TR/xhtml1/DTD/xhtml1-transitional.dtd"> WCHL - Game 97 - SEATTLE GRUNGE vs ANCHORAGE ACES

SEATTLE GRUNGE vs ANCHORAGE ACES

Created - 29 octobre 2024 at 23:45

Goals
1 2 3 T
SEATTLE GRUNGE 1 1 0 2
ANCHORAGE ACES 4 1 1 6
Shots
1 2 3 T
SEATTLE GRUNGE 9 9 6 24
ANCHORAGE ACES 15 17 10 42

1st period

1. ANCHORAGE ACES , Nathan MacKinnon 4 (Yegor Sharangovich 2, Alexander DeBrincat 5) at 4:30
2. SEATTLE GRUNGE , John Tavares 5 (William Nylander 8, Tyler Seguin 2) at 6:25
3. ANCHORAGE ACES , Connor McDavid 5 (David Perron 5, Ryan Pulock 3) at 9:40
4. ANCHORAGE ACES , Erik Haula 1 (Filip Hronek 3, Jakob Chychrun 2) at 15:47
5. ANCHORAGE ACES , Nathan MacKinnon 5 (Connor McDavid 5) at 18:17 (PP)

Penalties :
William Nylander (SEA) for Cross-checking (Minor) at 16:47

2nd period

6. ANCHORAGE ACES , Connor McDavid 6 (David Perron 6) at 2:10
7. SEATTLE GRUNGE , William Nylander 5 (John Tavares 7, Kaiden Guhle 4) at 8:49

Penalties :
Tyler Seguin (SEA) for Holding (Minor) at 6:24

3rd period

8. ANCHORAGE ACES , Connor McDavid 7 (Ryan Pulock 4, Phillip Danault 5) at 8:10

Penalties :
Jani Hakanpaa (SEA) for Roughing (Minor) at 2:39, Jani Hakanpaa (SEA) for Hooking (Minor) at 15:10, Carson Soucy (ANC) for Goalie Interference (Minor) at 17:57

Goalie Stats

Karel Vejmelka (SEA), 11 saves from 15 shots - (0,733), L, 4-2-1, 18:17 minutes
Casey DeSmith (SEA), 25 saves from 27 shots - (0,926), 41:43 minutes
Darcy Kuemper (ANC), 22 saves from 24 shots - (0,917), W, 5-0-1, 60:00 minutes

Players Stats for SEATTLE GRUNGE

Player Name              G  A  P  +/- PIM S  H  SB GA TA FO     MP     PP MP  PK MP  
------------------------------------------------------------------------------------
Alexandre Carrier        0  0  0  -4  0   1  1  4  0  0  0/0    15:03   0:00   0:00 
Alexey Toropchenko       0  0  0   0  0   0  0  0  0  0  0/0     7:39   0:00   4:17 
Andrei Kuzmenko          0  0  0  -2  0   2  0  0  0  0  1/4    17:45   0:40   2:09 
Connor Dewar             0  0  0   0  0   1  0  0  0  0  0/3     3:22   0:00   0:00 
Curtis Lazar             0  0  0  -1  0   1  3  0  0  0  0/4    16:28   0:00   2:08 
Jani Hakanpaa            0  0  0  -4  4   0  7  3  0  0  0/0    15:01   0:00   0:00 
Jimmy Vesey              0  0  0   0  0   0  0  0  0  0  0/0     6:54   0:22   3:10 
John Tavares             1  1  2   0  0   5  2  0  0  0  17/29  18:53   0:57   0:00 
Juraj Slafkovsky         0  0  0  -2  0   2  1  0  0  0  0/1    15:58   1:02   0:00 
Kaiden Guhle             0  1  1   1  0   0  0  1  0  0  0/0    20:44   0:57   4:03 
Morgan Geekie            0  0  0  -1  0   0  0  0  0  0  6/14   17:04   0:00   2:44 
Neal Pionk               0  0  0   0  0   1  5  1  0  0  0/0    24:13   1:02   3:24 
Sean Monahan             0  0  0  -2  0   5  0  0  0  0  8/16   16:24   1:02   0:26 
Travis Sanheim           0  0  0   0  0   0  2  1  0  0  0/0    24:13   1:02   3:24 
Tyler Seguin             0  1  1   0  2   3  1  0  0  0  0/1    18:52   0:57   0:00 
Warren Foegele           0  0  0  -1  0   0  0  1  0  0  0/1    14:20   0:00   0:00 
William Borgen           0  0  0   1  0   0  2  2  0  0  0/0    20:44   0:57   4:03 
William Nylander         1  1  2   0  2   3  1  0  0  0  0/0    18:52   0:57   0:00 

Players Stats for ANCHORAGE ACES

Player Name              G  A  P  +/- PIM S  H  SB GA TA FO     MP     PP MP  PK MP  
------------------------------------------------------------------------------------
Alexander DeBrincat      0  1  1   0  0   3  5  0  0  0  0/0    21:10   3:37   0:00 
Carson Soucy             0  0  0   1  2   1  2  0  0  0  0/0    17:30   0:00   0:00 
Colin Blackwell          0  0  0   1  0   0  1  0  0  0  1/1    12:12   0:00   0:00 
Connor McDavid           3  1  4   3  0   6  0  0  0  0  19/26  20:52   3:37   1:08 
David Perron             0  2  2   3  0   2  4  0  0  0  0/1    19:57   3:50   0:00 
Eetu Luostarinen         0  0  0   1  0   2  0  0  0  0  6/13   12:12   0:00   0:00 
Erik Haula               1  0  1   1  0   3  0  0  0  0  0/1    16:02   3:50   0:00 
Filip Hronek             0  1  1   1  0   2  1  0  0  0  0/0    25:32   4:47   0:43 
Jakob Chychrun           0  1  1   1  0   0  2  1  0  0  0/0    20:06   2:40   1:16 
Nathan MacKinnon         2  0  2   0  0   6  0  1  0  0  12/17  22:01   3:37   0:51 
Nicolas Deslauriers      0  0  0  -1  0   1  1  0  0  0  0/0     4:42   0:00   0:00 
Phillip Danault          0  1  1   3  0   9  0  0  0  0  3/7    21:05   3:50   1:08 
Robert Bortuzzo          0  0  0   1  0   0  2  1  0  0  0/0    15:58   2:37   0:00 
Ryan Pulock              0  2  2   1  0   3  1  1  0  0  0/0    22:38   4:47   0:43 
Sam Carrick              0  0  0  -1  0   2  0  0  0  0  0/5     4:42   0:00   0:00 
Sebastien Aho            0  0  0   1  0   0  1  1  0  0  0/0    18:15   0:03   1:16 
Sheldon Dries            0  0  0  -1  0   0  0  0  0  0  0/2     4:42   0:00   0:00 
Yegor Sharangovich       0  1  1   0  0   2  1  0  0  0  0/0    18:24   0:00   0:51 

3 Stars

1 - Connor McDavid (ANC)
2 - David Perron (ANC)
3 - Nathan MacKinnon (ANC)

Power Play

SEATTLE GRUNGE - 0 on 1 Attempt(s) - 0,00%
ANCHORAGE ACES - 1 on 4 Attempt(s) - 25,00%

Penalty Kill

SEATTLE GRUNGE - 3 on 4 Attempt(s) - 75,00% - Score 0 goal in Penalty Kill
ANCHORAGE ACES - 1 on 1 Attempt(s) - 100,00% - Score 0 goal in Penalty Kill

Team Stat

SEATTLE GRUNGE - Hits : 25 - Faceoff Wins : 32 - Blocked Shots : 13 - Penalty Minutes : 8
ANCHORAGE ACES - Hits : 21 - Faceoff Wins : 41 - Blocked Shots : 5 - Penalty Minutes : 2

Official

Referees : Chris Lee and Beaudry Halkidis
Linesman : Tony Sericolo and Ken Bonham

Game Notes

Casey DeSmith enters game at 18:17 of 1st period
Connor McDavid has scored a Hat Trick!

Finance

Level 1 -- Attendance: 5671 (94,52%) -- Ticket Income 1 134 200 $
Level 2 -- Attendance: 5000 (100,00%) -- Ticket Income 625 000 $
Level 3 -- Attendance: 2000 (100,00%) -- Ticket Income 208 000 $
Level 4 -- Attendance: 4000 (100,00%) -- Ticket Income 280 000 $
Luxury Box -- Attendance: 1000 (100,00%) -- Ticket Income 325 000 $
Game was played at the Alaska Center.
Total Attendance: 17671 (98,17%)
Total Ticket Income: 2 572 200 $
Other Expense: 25 722 $
Total Income: 2 546 478 $

SEATTLE GRUNGE

5 vs 5 Forward 
   Center                   Left Wing                Right Wing               Time % Phy DF OF 
 1 John Tavares             Tyler Seguin             William Nylander         36     1   2  2  
 2 Sean Monahan             Andrei Kuzmenko          Juraj Slafkovsky         31     1   2  2  
 3 Morgan Geekie            Warren Foegele           Curtis Lazar             25     1   2  2  
 4 Connor Dewar             Jimmy Vesey              Alexey Toropchenko       8      1   2  2  

5 vs 5 Defense 
   Defense                  Defense                                           Time % Phy DF OF 
 1 Travis Sanheim           Neal Pionk                                        39     1   2  2  
 2 Kaiden Guhle             William Borgen                                    34     1   2  2  
 3 Alexandre Carrier        Jani Hakanpaa                                     27     1   2  2  
 4 Travis Sanheim           Neal Pionk                                        0      1   2  2  

PowerPlay Forward 
   Center                   Left Wing                Right Wing               Time % Phy DF OF 
 1 John Tavares             William Nylander         Tyler Seguin             55     1   2  2  
 2 Sean Monahan             Andrei Kuzmenko          Juraj Slafkovsky         45     1   2  2  

PowerPlay Defense
   Defense                  Defense                                           Time % Phy DF OF 
 1 Travis Sanheim           Neal Pionk                                        55     1   2  2  
 2 Kaiden Guhle             William Borgen                                    45     1   2  2  

Penalty Kill 4 Players Forward 
   Center                   Wing                     Time % Phy DF OF 
 1 Curtis Lazar             Alexey Toropchenko       55     1   2  2  
 2 Morgan Geekie            Jimmy Vesey              45     1   2  2  

Penalty Kill 4 Players Defense
   Defense                  Defense                  Time % Phy DF OF 
 1 Travis Sanheim           Neal Pionk               55     1   2  2  
 2 Kaiden Guhle             William Borgen           45     1   2  2  

Penalty Kill - 3 Players Forward 
   Forward                                           Time % Phy DF OF 
 1 Curtis Lazar                                      55     1   2  2  
 2 Morgan Geekie                                     45     1   2  2  

Penalty Kill - 3 Players Defense
   Defense                  Defense                  Time % Phy DF OF 
 1 Travis Sanheim           Neal Pionk               55     1   2  2  
 2 Kaiden Guhle             William Borgen           45     1   2  2  

4 vs 4 Forward 
   Center                   Wing                     Time % Phy DF OF 
 1 William Nylander         John Tavares             55     1   2  2  
 2 Sean Monahan             Tyler Seguin             45     1   2  2  

4 vs 4 Defense
   Defense                  Defense                  Time % Phy DF OF 
 1 Travis Sanheim           Neal Pionk               55     1   2  2  
 2 Kaiden Guhle             William Borgen           45     1   2  2  

Last Minutes Offensive
   Center                   Left Wing                Right Wing               Defense                  Defense                  
   William Nylander         John Tavares             Tyler Seguin             Travis Sanheim           Neal Pionk               

Last Minutes Defensive
   Center                   Left Wing                Right Wing               Defense                  Defense                  
   William Nylander         John Tavares             Tyler Seguin             Travis Sanheim           Neal Pionk               

Goaltenders
Starting : Karel Vejmelka           
Backup : Casey DeSmith            

Extra Forwards
Normal : Warren Foegele, Curtis Lazar, Andrei Kuzmenko - PP : Warren Foegele, Curtis Lazar - PK : Andrei Kuzmenko
Extra Defensemen
Normal : Alexandre Carrier, Jani Hakanpaa, Kaiden Guhle - PP : Alexandre Carrier - PK : Jani Hakanpaa, Kaiden Guhle
Penalty Shots
William Nylander, John Tavares, Sean Monahan, Tyler Seguin, Andrei Kuzmenko
Custom OT Lines Forwards
William Nylander, John Tavares, Sean Monahan, Tyler Seguin, Juraj Slafkovsky, Morgan Geekie, Warren Foegele, Curtis Lazar, Andrei Kuzmenko, Jimmy Vesey
Custom OT Lines Defensemen
Travis Sanheim, Neal Pionk, Kaiden Guhle, William Borgen, Alexandre Carrier

Scratches
Alex Stalock (Healthy)

ANCHORAGE ACES

5 vs 5 Forward 
   Center                   Left Wing                Right Wing               Time % Phy DF OF 
 1 Connor McDavid           Phillip Danault          David Perron             37     0   1  4  
 2 Nathan MacKinnon         Yegor Sharangovich       Alexander DeBrincat      37     0   1  4  
 3 Eetu Luostarinen         Erik Haula               Colin Blackwell          25     0   2  3  
 4 Sam Carrick              Nicolas Deslauriers      Sheldon Dries            1      1   3  1  

5 vs 5 Defense 
   Defense                  Defense                                           Time % Phy DF OF 
 1 Filip Hronek             Jakob Chychrun                                    35     1   2  2  
 2 Ryan Pulock              Sebastien Aho                                     35     1   2  2  
 3 Robert Bortuzzo          Carson Soucy                                      23     1   2  2  
 4 Carson Soucy             Filip Hronek                                      7      1   2  2  

PowerPlay Forward 
   Center                   Left Wing                Right Wing               Time % Phy DF OF 
 1 Connor McDavid           Nathan MacKinnon         Alexander DeBrincat      50     0   0  5  
 2 Phillip Danault          David Perron             Erik Haula               50     0   1  4  

PowerPlay Defense
   Defense                  Defense                                           Time % Phy DF OF 
 1 Filip Hronek             Ryan Pulock                                       50     0   1  4  
 2 Robert Bortuzzo          Jakob Chychrun                                    50     1   2  2  

Penalty Kill 4 Players Forward 
   Center                   Wing                     Time % Phy DF OF 
 1 Phillip Danault          Connor McDavid           55     1   3  1  
 2 Nathan MacKinnon         Yegor Sharangovich       45     1   3  1  

Penalty Kill 4 Players Defense
   Defense                  Defense                  Time % Phy DF OF 
 1 Jakob Chychrun           Sebastien Aho            55     1   3  1  
 2 Ryan Pulock              Filip Hronek             45     1   3  1  

Penalty Kill - 3 Players Forward 
   Forward                                           Time % Phy DF OF 
 1 Phillip Danault                                   55     0   5  0  
 2 Erik Haula                                        45     0   5  0  

Penalty Kill - 3 Players Defense
   Defense                  Defense                  Time % Phy DF OF 
 1 Sebastien Aho            Filip Hronek             55     1   4  0  
 2 Ryan Pulock              Jakob Chychrun           45     1   4  0  

4 vs 4 Forward 
   Center                   Wing                     Time % Phy DF OF 
 1 Nathan MacKinnon         Connor McDavid           55     1   2  2  
 2 Phillip Danault          Eetu Luostarinen         45     1   2  2  

4 vs 4 Defense
   Defense                  Defense                  Time % Phy DF OF 
 1 Jakob Chychrun           Ryan Pulock              55     1   2  2  
 2 Sebastien Aho            Filip Hronek             45     1   2  2  

Last Minutes Offensive
   Center                   Left Wing                Right Wing               Defense                  Defense                  
   Connor McDavid           Phillip Danault          Nathan MacKinnon         Sebastien Aho            Filip Hronek             

Last Minutes Defensive
   Center                   Left Wing                Right Wing               Defense                  Defense                  
   Connor McDavid           Phillip Danault          Nathan MacKinnon         Sebastien Aho            Filip Hronek             

Goaltenders
Starting : Darcy Kuemper            
Backup : Laurent Brossoit         

Extra Forwards
Normal : Connor McDavid, Phillip Danault, Colin Blackwell - PP : Connor McDavid, Phillip Danault - PK : Phillip Danault
Extra Defensemen
Normal : Ryan Pulock, Filip Hronek, Jakob Chychrun - PP : Robert Bortuzzo - PK : Filip Hronek, Ryan Pulock
Penalty Shots
Nathan MacKinnon, Connor McDavid, Alexander DeBrincat, David Perron, Yegor Sharangovich
Custom OT Lines Forwards
Colin Blackwell, Sam Carrick, Connor McDavid, Phillip Danault, Sheldon Dries, Nicolas Deslauriers, Nathan MacKinnon, Erik Haula, David Perron, Alexander DeBrincat
Custom OT Lines Defensemen
Filip Hronek, Carson Soucy, Jakob Chychrun, Ryan Pulock, Robert Bortuzzo

Scratches
Antti Raanta (Healthy)

% Time on Ice - SEATTLE GRUNGE

Lines # - Real PCT - Wanted PCT - Time Play
Normal Forward
1 - 35% - 36% - 17:56
2 - 30% - 31% - 14:56
3 - 28% - 25% - 14:20
4 - 7% - 8% - 3:22
Normal Defense
1 - 38% - 39% - 19:14
2 - 31% - 34% - 15:44
3 - 30% - 27% - 15:03
4 - 1% - 0% - 0:33
PP Forward
1 - 48% - 55% - 0:57
2 - 52% - 45% - 1:02
PP Defense
1 - 52% - 55% - 1:02
2 - 48% - 45% - 0:57
PK Forward
1 - 57% - 55% - 4:17
2 - 43% - 45% - 3:10
PK Defense
1 - 46% - 55% - 3:24
2 - 54% - 45% - 4:03
PK3 Forward
1 - 0% - 55%
2 - 0% - 45%
PK3 Defense
1 - 0% - 55%
2 - 0% - 45%
44 Forward
1 - 0% - 55%
2 - 0% - 45%
44 Defense
1 - 0% - 55%
2 - 0% - 45%
Last Minute Offensive  - 0:00
Last Minute Defensive  - 0:00
Total
Forward - 60:00
Defense - 60:00

% Time on Ice - ANCHORAGE ACES

Lines # - Real PCT - Wanted PCT - Time Play
Normal Forward
1 - 32% - 37% - 16:07
2 - 35% - 37% - 17:33
3 - 24% - 25% - 12:12
4 - 9% - 1% - 4:42
Normal Defense
1 - 32% - 35% - 16:10
2 - 33% - 35% - 16:53
3 - 26% - 23% - 13:21
4 - 8% - 7% - 4:10
PP Forward
1 - 49% - 50% - 3:37
2 - 51% - 50% - 3:50
PP Defense
1 - 64% - 50% - 4:47
2 - 36% - 50% - 2:40
PK Forward
1 - 57% - 55% - 1:08
2 - 43% - 45% - 0:51
PK Defense
1 - 64% - 55% - 1:16
2 - 36% - 45% - 0:43
PK3 Forward
1 - 0% - 55%
2 - 0% - 45%
PK3 Defense
1 - 0% - 55%
2 - 0% - 45%
44 Forward
1 - 0% - 55%
2 - 0% - 45%
44 Defense
1 - 0% - 55%
2 - 0% - 45%
Last Minute Offensive  - 0:00
Last Minute Defensive  - 0:00
Total
Forward - 60:00
Defense - 60:00

Play-by-Play

1st period


0:01 of 1st period - Connor McDavid wins face-off versus John Tavares in neutral zone.
0:18 of 1st period - Connor McDavid is hit by John Tavares and loses puck.
0:26 of 1st period - Shot by Connor McDavid.
0:26 of 1st period - Deflect By Phillip Danault.
0:26 of 1st period - Stopped by Karel Vejmelka with a rebound.
0:28 of 1st period - Shot by Filip Hronek.
0:28 of 1st period - Stopped by Karel Vejmelka with a rebound.
1:30 of 1st period - Shot by Alexander DeBrincat.
1:30 of 1st period - Shot Blocked by Travis Sanheim.
1:40 of 1st period - Neal Pionk is hit by Alexander DeBrincat and loses puck.
2:24 of 1st period - Shot by Sean Monahan.
2:24 of 1st period - Stopped by Darcy Kuemper with a rebound.
2:26 of 1st period - Shot by Juraj Slafkovsky.
2:26 of 1st period - Deflect By Andrei Kuzmenko.
2:26 of 1st period - Shot Misses the Net.
3:17 of 1st period - Shot by Warren Foegele.
3:17 of 1st period - Shot Misses the Net.
3:19 of 1st period - Shot by Alexandre Carrier.
3:19 of 1st period - Shot Misses the Net.
3:38 of 1st period - Phillip Danault is hit by William Borgen and loses puck.
4:30 of 1st period - Shot by Nathan MacKinnon.
4:30 of 1st period - Goal by Nathan MacKinnon - SEATTLE GRUNGE : 0 - ANCHORAGE ACES : 1.
4:31 of 1st period - Morgan Geekie wins face-off versus Sam Carrick in neutral zone.
4:57 of 1st period - Shot by Warren Foegele.
4:57 of 1st period - Shot Misses the Net.
6:25 of 1st period - Shot by John Tavares.
6:25 of 1st period - Goal by John Tavares - SEATTLE GRUNGE : 1 - ANCHORAGE ACES : 1.
6:26 of 1st period - Connor McDavid wins face-off versus Connor Dewar in neutral zone.
6:31 of 1st period - Shot by Phillip Danault.
6:31 of 1st period - Shot Misses the Net.
6:33 of 1st period - Shot by Ryan Pulock.
6:33 of 1st period - Stopped by Karel Vejmelka without a rebound.
6:34 of 1st period - Morgan Geekie wins face-off versus David Perron in SEATTLE GRUNGE zone.
6:53 of 1st period - Shot by Morgan Geekie.
6:53 of 1st period - Shot Blocked by Sebastien Aho.
7:09 of 1st period - Phillip Danault is hit by Travis Sanheim and loses puck.
7:35 of 1st period - Off-side.
7:36 of 1st period - Sean Monahan wins face-off versus Eetu Luostarinen in neutral zone.
8:29 of 1st period - Shot by Yegor Sharangovich.
8:29 of 1st period - Shot Misses the Net.
8:36 of 1st period - Nathan MacKinnon is hit by William Borgen and loses puck.
8:54 of 1st period - Shot by Nathan MacKinnon.
8:54 of 1st period - Stopped by Karel Vejmelka without a rebound.
8:55 of 1st period - Connor McDavid wins face-off versus John Tavares in SEATTLE GRUNGE zone.
9:27 of 1st period - William Nylander is hit by Ryan Pulock and loses puck.
9:40 of 1st period - Shot by David Perron.
9:40 of 1st period - Deflect By Connor McDavid.
9:40 of 1st period - Goal by Connor McDavid - SEATTLE GRUNGE : 1 - ANCHORAGE ACES : 2.
9:41 of 1st period - Nathan MacKinnon wins face-off versus Warren Foegele in neutral zone.
9:58 of 1st period - Filip Hronek is hit by Curtis Lazar and loses puck.
10:05 of 1st period - Shot by Curtis Lazar.
10:05 of 1st period - Stopped by Darcy Kuemper with a rebound.
10:17 of 1st period - Shot by Alexander DeBrincat.
10:17 of 1st period - Stopped by Karel Vejmelka with a rebound.
11:03 of 1st period - Shot by Jimmy Vesey.
11:03 of 1st period - Shot Misses the Net.
11:05 of 1st period - Shot by Connor Dewar.
11:05 of 1st period - Stopped by Darcy Kuemper without a rebound.
11:06 of 1st period - John Tavares wins face-off versus Eetu Luostarinen in ANCHORAGE ACES zone.
11:13 of 1st period - Shot by Eetu Luostarinen.
11:13 of 1st period - Stopped by Karel Vejmelka without a rebound.
11:14 of 1st period - Eetu Luostarinen wins face-off versus John Tavares in SEATTLE GRUNGE zone.
11:27 of 1st period - Shot by Eetu Luostarinen.
11:27 of 1st period - Stopped by Karel Vejmelka with a rebound.
12:50 of 1st period - Shot by Sean Monahan.
12:50 of 1st period - Shot Misses the Net.
12:56 of 1st period - Juraj Slafkovsky is hit by David Perron and loses puck.
13:41 of 1st period - Shot by Yegor Sharangovich.
13:41 of 1st period - Shot Misses the Net.
13:43 of 1st period - Shot by Alexander DeBrincat.
13:43 of 1st period - Shot Blocked by Alexandre Carrier.
13:45 of 1st period - Shot by Jakob Chychrun.
13:45 of 1st period - Shot Hit the Post.
13:58 of 1st period - Shot by Nicolas Deslauriers.
13:58 of 1st period - Stopped by Karel Vejmelka without a rebound.
13:59 of 1st period - John Tavares wins face-off versus Sam Carrick in SEATTLE GRUNGE zone.
14:06 of 1st period - Shot by Sam Carrick.
14:06 of 1st period - Shot Misses the Net.
15:08 of 1st period - Connor McDavid is hit by Neal Pionk and loses puck.
15:11 of 1st period - Shot by Phillip Danault.
15:11 of 1st period - Stopped by Karel Vejmelka without a rebound.
15:12 of 1st period - Eetu Luostarinen wins face-off versus Sean Monahan in SEATTLE GRUNGE zone.
15:17 of 1st period - Shot by Eetu Luostarinen.
15:17 of 1st period - Shot Blocked by Alexandre Carrier.
15:19 of 1st period - Shot by Filip Hronek.
15:19 of 1st period - Shot Blocked by Jani Hakanpaa.
15:21 of 1st period - Shot by Colin Blackwell.
15:21 of 1st period - Shot Misses the Net.
15:23 of 1st period - Shot by Eetu Luostarinen.
15:23 of 1st period - Shot Misses the Net.
15:26 of 1st period - Colin Blackwell is hit by Jani Hakanpaa.
15:41 of 1st period - Shot by Eetu Luostarinen.
15:41 of 1st period - Shot Blocked by Jani Hakanpaa.
15:47 of 1st period - Shot by Erik Haula.
15:47 of 1st period - Goal by Erik Haula - SEATTLE GRUNGE : 1 - ANCHORAGE ACES : 3.
15:48 of 1st period - Morgan Geekie wins face-off versus Phillip Danault in neutral zone.
16:18 of 1st period - David Perron is hit by Neal Pionk and loses puck.
16:47 of 1st period - Minor Penalty to William Nylander for Cross-checking.
16:48 of 1st period - Connor McDavid wins face-off versus Andrei Kuzmenko in SEATTLE GRUNGE zone.
16:49 of 1st period - Shot by Filip Hronek.
16:49 of 1st period - Stopped by Karel Vejmelka without a rebound.
16:50 of 1st period - Connor McDavid wins face-off versus Andrei Kuzmenko in SEATTLE GRUNGE zone.
16:53 of 1st period - Shot by Nathan MacKinnon.
16:53 of 1st period - Shot Misses the Net.
16:57 of 1st period - Shot by Connor McDavid.
16:57 of 1st period - Deflect By Alexander DeBrincat.
16:57 of 1st period - Shot Misses the Net.
17:05 of 1st period - Shot by Ryan Pulock.
17:05 of 1st period - Stopped by Karel Vejmelka without a rebound.
17:06 of 1st period - Phillip Danault wins face-off versus Curtis Lazar in SEATTLE GRUNGE zone.
17:48 of 1st period - Phillip Danault is hit by Neal Pionk and loses puck.
17:51 of 1st period - Shot by Filip Hronek.
17:51 of 1st period - Shot Misses the Net.
18:17 of 1st period - Shot by Nathan MacKinnon.
18:17 of 1st period - Goal by Nathan MacKinnon - SEATTLE GRUNGE : 1 - ANCHORAGE ACES : 4.
18:17 of 1st period - Casey DeSmith enters game.
18:18 of 1st period - John Tavares wins face-off versus Sam Carrick in neutral zone.
18:23 of 1st period - Shot by John Tavares.
18:23 of 1st period - Deflect By William Nylander.
18:23 of 1st period - Shot Misses the Net.
18:27 of 1st period - Shot by William Nylander.
18:27 of 1st period - Stopped by Darcy Kuemper with a rebound.
18:29 of 1st period - Shot by William Nylander.
18:29 of 1st period - Shot Misses the Net.
18:31 of 1st period - Shot by Alexandre Carrier.
18:31 of 1st period - Stopped by Darcy Kuemper without a rebound.
18:32 of 1st period - Nathan MacKinnon wins face-off versus Sean Monahan in ANCHORAGE ACES zone.
18:32 of 1st period - Nathan MacKinnon is hit by Juraj Slafkovsky.
18:41 of 1st period - Sean Monahan is hit by Alexander DeBrincat and loses puck.
18:52 of 1st period - Shot by Juraj Slafkovsky.
18:52 of 1st period - Stopped by Darcy Kuemper with a rebound.
18:54 of 1st period - Shot by Kaiden Guhle.
18:54 of 1st period - Shot Blocked by Jakob Chychrun.
19:06 of 1st period - Shot by Sean Monahan.
19:06 of 1st period - Stopped by Darcy Kuemper without a rebound.
19:07 of 1st period - Connor McDavid wins face-off versus John Tavares in ANCHORAGE ACES zone.
19:17 of 1st period - Shot by Tyler Seguin.
19:17 of 1st period - Stopped by Darcy Kuemper with a rebound.
19:21 of 1st period - Shot by William Nylander.
19:21 of 1st period - Deflect By John Tavares.
19:21 of 1st period - Shot Blocked by Ryan Pulock.
19:42 of 1st period - Phillip Danault is hit by John Tavares and loses puck.
Goals for this period are 1 for SEATTLE GRUNGE vs 4 for ANCHORAGE ACES.
Shots for this period are 9 for SEATTLE GRUNGE vs 15 for ANCHORAGE ACES.

2nd period


0:01 of 2nd period - John Tavares wins face-off versus Nathan MacKinnon in neutral zone.
0:07 of 2nd period - William Nylander is hit by Jakob Chychrun and loses puck.
0:23 of 2nd period - William Nylander is hit by Jakob Chychrun and loses puck.
1:37 of 2nd period - Shot by Sean Monahan.
1:37 of 2nd period - Stopped by Darcy Kuemper without a rebound.
1:38 of 2nd period - Connor McDavid wins face-off versus Morgan Geekie in ANCHORAGE ACES zone.
1:38 of 2nd period - Connor McDavid is hit by Curtis Lazar.
1:53 of 2nd period - Curtis Lazar is hit by Carson Soucy and loses puck.
2:06 of 2nd period - Shot by David Perron.
2:06 of 2nd period - Shot Misses the Net.
2:08 of 2nd period - Shot by Connor McDavid.
2:08 of 2nd period - Shot Misses the Net.
2:10 of 2nd period - Shot by Connor McDavid.
2:10 of 2nd period - Goal by Connor McDavid - SEATTLE GRUNGE : 1 - ANCHORAGE ACES : 5.
2:11 of 2nd period - John Tavares wins face-off versus Eetu Luostarinen in neutral zone.
3:11 of 2nd period - Icing by Filip Hronek.
3:12 of 2nd period - Nathan MacKinnon wins face-off versus Sean Monahan in ANCHORAGE ACES zone.
3:44 of 2nd period - Icing by Filip Hronek.
3:45 of 2nd period - Nathan MacKinnon wins face-off versus Morgan Geekie in ANCHORAGE ACES zone.
4:11 of 2nd period - Icing by Curtis Lazar.
4:12 of 2nd period - Connor McDavid wins face-off versus Morgan Geekie in SEATTLE GRUNGE zone.
4:12 of 2nd period - Connor McDavid is hit by Jani Hakanpaa.
4:22 of 2nd period - Shot by Connor McDavid.
4:22 of 2nd period - Shot Blocked by Alexandre Carrier.
4:40 of 2nd period - Connor McDavid is hit by Alexandre Carrier and loses puck.
5:16 of 2nd period - Off-side.
5:17 of 2nd period - Andrei Kuzmenko wins face-off versus Nathan MacKinnon in neutral zone.
5:17 of 2nd period - Andrei Kuzmenko is hit by Yegor Sharangovich.
5:47 of 2nd period - Shot by Yegor Sharangovich.
5:47 of 2nd period - Deflect By Nathan MacKinnon.
5:47 of 2nd period - Stopped by Casey DeSmith without a rebound.
5:48 of 2nd period - Colin Blackwell wins face-off versus John Tavares in SEATTLE GRUNGE zone.
5:58 of 2nd period - William Nylander is hit by Colin Blackwell and loses puck.
6:02 of 2nd period - Neal Pionk is hit by Filip Hronek and loses puck.
6:07 of 2nd period - Shot by John Tavares.
6:07 of 2nd period - Shot Misses the Net.
6:09 of 2nd period - Shot by Neal Pionk.
6:09 of 2nd period - Stopped by Darcy Kuemper with a rebound.
6:11 of 2nd period - Shot by William Nylander.
6:11 of 2nd period - Shot Misses the Net.
6:19 of 2nd period - Shot by Tyler Seguin.
6:19 of 2nd period - Stopped by Darcy Kuemper with a rebound.
6:24 of 2nd period - Minor Penalty to Tyler Seguin for Holding.
6:25 of 2nd period - Connor McDavid wins face-off versus Curtis Lazar in SEATTLE GRUNGE zone.
8:22 of 2nd period - Shot by Nathan MacKinnon.
8:22 of 2nd period - Shot Hit the Post.
8:24 of 2nd period - Shot by Connor McDavid.
8:24 of 2nd period - Stopped by Casey DeSmith without a rebound.
8:25 of 2nd period - Sean Monahan wins face-off versus Sheldon Dries in SEATTLE GRUNGE zone.
8:29 of 2nd period - Off-side.
8:30 of 2nd period - John Tavares wins face-off versus Sheldon Dries in neutral zone.
8:47 of 2nd period - Shot by John Tavares.
8:47 of 2nd period - Deflect By William Nylander.
8:47 of 2nd period - Shot Misses the Net.
8:49 of 2nd period - Shot by William Nylander.
8:49 of 2nd period - Goal by William Nylander - SEATTLE GRUNGE : 2 - ANCHORAGE ACES : 5.
8:50 of 2nd period - Sean Monahan wins face-off versus Connor McDavid in neutral zone.
8:59 of 2nd period - Shot by Andrei Kuzmenko.
8:59 of 2nd period - Stopped by Darcy Kuemper with a rebound.
9:54 of 2nd period - Shot by Alexander DeBrincat.
9:54 of 2nd period - Stopped by Casey DeSmith without a rebound.
9:55 of 2nd period - John Tavares wins face-off versus Eetu Luostarinen in SEATTLE GRUNGE zone.
10:16 of 2nd period - Shot by Erik Haula.
10:16 of 2nd period - Stopped by Casey DeSmith without a rebound.
10:17 of 2nd period - Nathan MacKinnon wins face-off versus Connor Dewar in SEATTLE GRUNGE zone.
10:49 of 2nd period - Shot by Nathan MacKinnon.
10:49 of 2nd period - Deflect By Alexander DeBrincat.
10:49 of 2nd period - Stopped by Casey DeSmith without a rebound.
10:50 of 2nd period - John Tavares wins face-off versus Connor McDavid in SEATTLE GRUNGE zone.
11:01 of 2nd period - David Perron is hit by Travis Sanheim and loses puck.
11:15 of 2nd period - Connor McDavid is hit by Neal Pionk.
11:19 of 2nd period - Shot by Connor McDavid.
11:19 of 2nd period - Shot Misses the Net.
11:23 of 2nd period - Shot by David Perron.
11:23 of 2nd period - Shot Blocked by Neal Pionk.
11:25 of 2nd period - Shot by Phillip Danault.
11:25 of 2nd period - Shot Misses the Net.
11:27 of 2nd period - Shot by Ryan Pulock.
11:27 of 2nd period - Stopped by Casey DeSmith with a rebound.
11:29 of 2nd period - Shot by Phillip Danault.
11:29 of 2nd period - Stopped by Casey DeSmith with a rebound.
11:31 of 2nd period - Shot by Phillip Danault.
11:31 of 2nd period - Stopped by Casey DeSmith with a rebound.
11:33 of 2nd period - Shot by David Perron.
11:33 of 2nd period - Stopped by Casey DeSmith without a rebound.
11:34 of 2nd period - Nathan MacKinnon wins face-off versus Sean Monahan in SEATTLE GRUNGE zone.
12:51 of 2nd period - Shot by Erik Haula.
12:51 of 2nd period - Shot Misses the Net.
12:53 of 2nd period - Shot by Carson Soucy.
12:53 of 2nd period - Stopped by Casey DeSmith without a rebound.
12:54 of 2nd period - Connor McDavid wins face-off versus John Tavares in SEATTLE GRUNGE zone.
13:19 of 2nd period - Shot by William Nylander.
13:19 of 2nd period - Stopped by Darcy Kuemper without a rebound.
13:20 of 2nd period - Eetu Luostarinen wins face-off versus Connor Dewar in ANCHORAGE ACES zone.
13:43 of 2nd period - Icing by Erik Haula.
13:44 of 2nd period - John Tavares wins face-off versus Eetu Luostarinen in ANCHORAGE ACES zone.
13:52 of 2nd period - Shot by William Nylander.
13:52 of 2nd period - Shot Misses the Net.
13:56 of 2nd period - Shot by William Nylander.
13:56 of 2nd period - Shot Misses the Net.
14:20 of 2nd period - William Nylander is hit by Robert Bortuzzo and loses puck.
14:40 of 2nd period - Erik Haula is hit by Curtis Lazar and loses puck.
15:00 of 2nd period - Shot by Warren Foegele.
15:00 of 2nd period - Shot Misses the Net.
15:27 of 2nd period - Shot by Sean Monahan.
15:27 of 2nd period - Stopped by Darcy Kuemper without a rebound.
15:28 of 2nd period - Connor McDavid wins face-off versus Sean Monahan in ANCHORAGE ACES zone.
15:49 of 2nd period - Shot by Phillip Danault.
15:49 of 2nd period - Stopped by Casey DeSmith without a rebound.
15:50 of 2nd period - John Tavares wins face-off versus Nathan MacKinnon in SEATTLE GRUNGE zone.
15:50 of 2nd period - John Tavares is hit by Alexander DeBrincat.
15:56 of 2nd period - Shot by Nathan MacKinnon.
15:56 of 2nd period - Stopped by Casey DeSmith without a rebound.
15:57 of 2nd period - John Tavares wins face-off versus Connor McDavid in SEATTLE GRUNGE zone.
16:04 of 2nd period - Shot by John Tavares.
16:04 of 2nd period - Stopped by Darcy Kuemper without a rebound.
16:05 of 2nd period - Sean Monahan wins face-off versus Connor McDavid in ANCHORAGE ACES zone.
16:05 of 2nd period - Juraj Slafkovsky is hit by Sebastien Aho and loses puck.
16:24 of 2nd period - Shot by Sean Monahan.
16:24 of 2nd period - Deflect By Andrei Kuzmenko.
16:24 of 2nd period - Stopped by Darcy Kuemper without a rebound.
16:25 of 2nd period - Nathan MacKinnon wins face-off versus John Tavares in ANCHORAGE ACES zone.
16:44 of 2nd period - Shot by Alexander DeBrincat.
16:44 of 2nd period - Shot Misses the Net.
16:56 of 2nd period - Shot by Nathan MacKinnon.
16:56 of 2nd period - Stopped by Casey DeSmith without a rebound.
16:57 of 2nd period - Connor McDavid wins face-off versus Juraj Slafkovsky in SEATTLE GRUNGE zone.
17:02 of 2nd period - Shot by Phillip Danault.
17:02 of 2nd period - Stopped by Casey DeSmith without a rebound.
17:03 of 2nd period - Connor McDavid wins face-off versus Morgan Geekie in SEATTLE GRUNGE zone.
17:11 of 2nd period - Connor McDavid is hit by Neal Pionk and loses puck.
17:21 of 2nd period - Icing by Travis Sanheim.
17:22 of 2nd period - Nathan MacKinnon wins face-off versus Morgan Geekie in SEATTLE GRUNGE zone.
17:23 of 2nd period - Shot by Yegor Sharangovich.
17:23 of 2nd period - Stopped by Casey DeSmith without a rebound.
17:24 of 2nd period - Nathan MacKinnon wins face-off versus Sean Monahan in SEATTLE GRUNGE zone.
17:25 of 2nd period - Shot by Filip Hronek.
17:25 of 2nd period - Shot Blocked by William Borgen.
17:37 of 2nd period - William Borgen is hit by Alexander DeBrincat and loses puck.
18:57 of 2nd period - Shot by Connor McDavid.
18:57 of 2nd period - Stopped by Casey DeSmith without a rebound.
18:58 of 2nd period - John Tavares wins face-off versus Eetu Luostarinen in SEATTLE GRUNGE zone.
19:02 of 2nd period - Icing by William Nylander.
19:03 of 2nd period - John Tavares wins face-off versus Eetu Luostarinen in SEATTLE GRUNGE zone.
19:33 of 2nd period - Shot by John Tavares.
19:33 of 2nd period - Shot Misses the Net.
Goals for this period are 1 for SEATTLE GRUNGE vs 1 for ANCHORAGE ACES.
Shots for this period are 9 for SEATTLE GRUNGE vs 17 for ANCHORAGE ACES.

3rd period


0:01 of 3rd period - Connor McDavid wins face-off versus Morgan Geekie in neutral zone.
0:27 of 3rd period - Warren Foegele is hit by David Perron and loses puck.
0:39 of 3rd period - Icing by Ryan Pulock.
0:40 of 3rd period - Connor McDavid wins face-off versus John Tavares in ANCHORAGE ACES zone.
0:40 of 3rd period - Connor McDavid is hit by Tyler Seguin.
0:45 of 3rd period - Off-side.
0:46 of 3rd period - Nathan MacKinnon wins face-off versus John Tavares in neutral zone.
1:07 of 3rd period - Shot by Alexander DeBrincat.
1:07 of 3rd period - Shot Hit the Post.
1:09 of 3rd period - Shot by Yegor Sharangovich.
1:09 of 3rd period - Stopped by Casey DeSmith without a rebound.
1:10 of 3rd period - Sean Monahan wins face-off versus Erik Haula in SEATTLE GRUNGE zone.
1:10 of 3rd period - Sean Monahan is hit by Robert Bortuzzo.
1:55 of 3rd period - Shot by Sean Monahan.
1:55 of 3rd period - Deflect By Juraj Slafkovsky.
1:55 of 3rd period - Shot Hit the Post.
2:14 of 3rd period - Curtis Lazar is hit by Alexander DeBrincat and loses puck.
2:19 of 3rd period - Shot by Nathan MacKinnon.
2:19 of 3rd period - Deflect By Alexander DeBrincat.
2:19 of 3rd period - Shot Misses the Net.
2:21 of 3rd period - Shot by Nathan MacKinnon.
2:21 of 3rd period - Shot Blocked by Jani Hakanpaa.
2:34 of 3rd period - Yegor Sharangovich is hit by Jani Hakanpaa.
2:39 of 3rd period - Minor Penalty to Jani Hakanpaa for Roughing.
2:40 of 3rd period - Phillip Danault wins face-off versus Curtis Lazar in SEATTLE GRUNGE zone.
2:48 of 3rd period - Shot by Phillip Danault.
2:48 of 3rd period - Stopped by Casey DeSmith without a rebound.
2:49 of 3rd period - Connor McDavid wins face-off versus Curtis Lazar in SEATTLE GRUNGE zone.
3:29 of 3rd period - Shot by Connor McDavid.
3:29 of 3rd period - Stopped by Casey DeSmith without a rebound.
3:30 of 3rd period - Morgan Geekie wins face-off versus Phillip Danault in SEATTLE GRUNGE zone.
3:41 of 3rd period - Neal Pionk is hit by David Perron and loses puck.
4:45 of 3rd period - Shot by Sam Carrick.
4:45 of 3rd period - Stopped by Casey DeSmith without a rebound.
4:46 of 3rd period - John Tavares wins face-off versus Sam Carrick in SEATTLE GRUNGE zone.
5:10 of 3rd period - Shot by John Tavares.
5:10 of 3rd period - Stopped by Darcy Kuemper with a rebound.
5:24 of 3rd period - Shot by Tyler Seguin.
5:24 of 3rd period - Stopped by Darcy Kuemper without a rebound.
5:25 of 3rd period - Sean Monahan wins face-off versus Connor McDavid in ANCHORAGE ACES zone.
5:36 of 3rd period - Shot by Juraj Slafkovsky.
5:36 of 3rd period - Stopped by Darcy Kuemper without a rebound.
5:37 of 3rd period - Morgan Geekie wins face-off versus Nathan MacKinnon in ANCHORAGE ACES zone.
5:49 of 3rd period - Morgan Geekie is hit by Carson Soucy and loses puck.
6:58 of 3rd period - Shot by Connor McDavid.
6:58 of 3rd period - Shot Misses the Net.
7:05 of 3rd period - Off-side.
7:06 of 3rd period - Eetu Luostarinen wins face-off versus John Tavares in neutral zone.
8:06 of 3rd period - Shot by Phillip Danault.
8:06 of 3rd period - Stopped by Casey DeSmith with a rebound.
8:08 of 3rd period - Shot by Ryan Pulock.
8:08 of 3rd period - Shot Blocked by William Borgen.
8:10 of 3rd period - Shot by Connor McDavid.
8:10 of 3rd period - Goal by Connor McDavid - SEATTLE GRUNGE : 2 - ANCHORAGE ACES : 6.
8:11 of 3rd period - Nathan MacKinnon wins face-off versus Sean Monahan in neutral zone.
8:29 of 3rd period - Nathan MacKinnon is hit by Jani Hakanpaa and loses puck.
8:52 of 3rd period - Shot by Andrei Kuzmenko.
8:52 of 3rd period - Deflect By Sean Monahan.
8:52 of 3rd period - Shot Blocked by Robert Bortuzzo.
8:54 of 3rd period - Shot by Sean Monahan.
8:54 of 3rd period - Shot Misses the Net.
9:51 of 3rd period - Icing by Kaiden Guhle.
9:52 of 3rd period - Morgan Geekie wins face-off versus Connor McDavid in SEATTLE GRUNGE zone.
9:52 of 3rd period - Morgan Geekie is hit by David Perron.
10:01 of 3rd period - Shot by David Perron.
10:01 of 3rd period - Stopped by Casey DeSmith with a rebound.
10:03 of 3rd period - Shot by Phillip Danault.
10:03 of 3rd period - Shot Misses the Net.
10:13 of 3rd period - Shot by Connor McDavid.
10:13 of 3rd period - Shot Misses the Net.
10:29 of 3rd period - Shot by Connor McDavid.
10:29 of 3rd period - Shot Misses the Net.
10:31 of 3rd period - Shot by Phillip Danault.
10:31 of 3rd period - Shot Misses the Net.
10:33 of 3rd period - Shot by Phillip Danault.
10:33 of 3rd period - Stopped by Casey DeSmith without a rebound.
10:34 of 3rd period - Eetu Luostarinen wins face-off versus John Tavares in SEATTLE GRUNGE zone.
11:00 of 3rd period - Icing by Ryan Pulock.
11:01 of 3rd period - Eetu Luostarinen wins face-off versus Sean Monahan in ANCHORAGE ACES zone.
11:23 of 3rd period - Shot by Erik Haula.
11:23 of 3rd period - Stopped by Casey DeSmith without a rebound.
11:24 of 3rd period - John Tavares wins face-off versus Connor McDavid in SEATTLE GRUNGE zone.
11:37 of 3rd period - Shot by Tyler Seguin.
11:37 of 3rd period - Shot Misses the Net.
11:39 of 3rd period - Shot by John Tavares.
11:39 of 3rd period - Stopped by Darcy Kuemper with a rebound.
11:49 of 3rd period - Shot by John Tavares.
11:49 of 3rd period - Stopped by Darcy Kuemper without a rebound.
11:50 of 3rd period - Sean Monahan wins face-off versus Nathan MacKinnon in ANCHORAGE ACES zone.
12:02 of 3rd period - Shot by Juraj Slafkovsky.
12:02 of 3rd period - Shot Blocked by Nathan MacKinnon.
12:04 of 3rd period - Shot by Kaiden Guhle.
12:04 of 3rd period - Shot Misses the Net.
12:34 of 3rd period - Off-side.
12:35 of 3rd period - Connor McDavid wins face-off versus John Tavares in neutral zone.
12:39 of 3rd period - Icing by Neal Pionk.
12:40 of 3rd period - Connor McDavid wins face-off versus Tyler Seguin in SEATTLE GRUNGE zone.
13:02 of 3rd period - Off-side.
13:03 of 3rd period - Nathan MacKinnon wins face-off versus Morgan Geekie in neutral zone.
13:17 of 3rd period - Alexander DeBrincat is hit by Jani Hakanpaa and loses puck.
13:27 of 3rd period - Nathan MacKinnon is hit by Jani Hakanpaa and loses puck.
13:35 of 3rd period - Icing by Alexandre Carrier.
13:36 of 3rd period - Connor McDavid wins face-off versus Morgan Geekie in SEATTLE GRUNGE zone.
14:02 of 3rd period - David Perron is hit by Jani Hakanpaa and loses puck.
14:48 of 3rd period - Shot by Alexander DeBrincat.
14:48 of 3rd period - Deflect By Nathan MacKinnon.
14:48 of 3rd period - Shot Blocked by Alexandre Carrier.
14:50 of 3rd period - Shot by Nathan MacKinnon.
14:50 of 3rd period - Shot Misses the Net.
14:54 of 3rd period - Shot by Yegor Sharangovich.
14:54 of 3rd period - Deflect By Nathan MacKinnon.
14:54 of 3rd period - Shot Misses the Net.
14:56 of 3rd period - Shot by Robert Bortuzzo.
14:56 of 3rd period - Shot Blocked by Warren Foegele.
15:10 of 3rd period - Minor Penalty to Jani Hakanpaa for Hooking.
15:11 of 3rd period - Phillip Danault wins face-off versus Andrei Kuzmenko in SEATTLE GRUNGE zone.
16:42 of 3rd period - Shot by Filip Hronek.
16:42 of 3rd period - Shot Blocked by Kaiden Guhle.
16:44 of 3rd period - Shot by Phillip Danault.
16:44 of 3rd period - Shot Misses the Net.
17:12 of 3rd period - Shot by Sam Carrick.
17:12 of 3rd period - Stopped by Casey DeSmith without a rebound.
17:13 of 3rd period - John Tavares wins face-off versus Sam Carrick in SEATTLE GRUNGE zone.
17:13 of 3rd period - John Tavares is hit by Nicolas Deslauriers.
17:41 of 3rd period - Carson Soucy is hit by William Nylander and loses puck.
17:57 of 3rd period - Minor Penalty to Carson Soucy for Goalie Interference.
17:58 of 3rd period - Sean Monahan wins face-off versus Phillip Danault in ANCHORAGE ACES zone.
18:19 of 3rd period - Shot by Sean Monahan.
18:19 of 3rd period - Stopped by Darcy Kuemper without a rebound.
18:20 of 3rd period - John Tavares wins face-off versus Phillip Danault in ANCHORAGE ACES zone.
Goals for this period are 0 for SEATTLE GRUNGE vs 1 for ANCHORAGE ACES.
Shots for this period are 6 for SEATTLE GRUNGE vs 10 for ANCHORAGE ACES.


MATTHEW
TKACHUK
TOM
WILSON
JAKE
GUENTZEL